AoeStats
← Andrew

Arena

509780045Analyzed
1v1 RM · 3d ago on Sep 28, 2026· 60m 53s· 2 players
Game mode
Random Map
Map size
Tiny (2 player)
Population
200
Speed
Normal
Resources
Standard
Victory
Conquest
Starting age
Dark Age
Ending age
Imperial Age
RankedLock teamsTeams togetherTeam positionsShared explorationLock speedFull tech treeHidden civsTurbo modeCheats
Victory
Defeat
🇻🇪 Bohemians · Venezuela
541
+16
🇲🇽 Slavs · Mexico
546
-16
Andrew
0:51 Loom
14:06 Feudal Age
15:23 Wheelbarrow
14:34 Town Watch
16:44 Double-Bit Axe
16:42 Horse Collar
17:30 Man-at-Arms
20:59 Arson
24:10 Castle Age
23:40 Scale Barding Armor
24:37 Arson
26:34 Hand Cart
26:35 Heavy Plow
26:50 Forging
27:01 Scale Mail Armor
27:47 Squires
27:55 Husbandry
31:23 Iron Casting
31:04 Chain Mail Armor
30:40 Fletching
30:50 Padded Archer Armor
32:04 Town Patrol
32:17 Bow Saw
33:06 Long Swordsman
34:32 Pikeman
42:51 Imperial Age
40:21 Bodkin Arrow
40:41 Leather Archer Armor
44:30 Conscription
43:31 Elite Hussite Wagon
44:37 Elite Hussite Wagon
46:01 Ballistics
46:41 Chemistry
45:28 Arrowslits
45:53 Capped Ram
50:27 Chemistry
49:38 Masonry
50:32 Blast Furnace
50:02 Plate Mail Armor
49:33 Bracer
50:03 Ring Archer Armor
48:57 Two-Handed Swordsman
48:58 Halberdier
49:02 Light Cavalry
51:17 Fortified Wall
51:03 Murder Holes
51:20 Houfnice
55:31 Two-Man Saw
56:10 Chain Barding Armor
Rambo the Unicorn
0:27 Loom
11:10 Feudal Age
12:29 Wheelbarrow
11:37 Horse Collar
11:44 Double-Bit Axe
13:19 Gold Mining
21:36 Castle Age
20:04 Stone Mining
22:06 Fletching
22:24 Padded Archer Armor
25:09 Scale Mail Armor
25:21 Forging
26:53 Iron Casting
26:36 Chain Mail Armor
27:20 Heavy Plow
27:36 Bow Saw
28:22 Crossbowman
30:00 Scale Barding Armor
30:21 Squires
30:22 Bodkin Arrow
31:08 Gold Shaft Mining
31:57 Murder Holes
35:10 Imperial Age
33:01 Hand Cart
34:04 Chain Barding Armor
36:01 Husbandry
36:12 Bloodlines
37:17 Blast Furnace
36:49 Plate Mail Armor
36:35 Masonry
37:07 Conscription
38:08 Conscription
38:16 Conscription
38:33 Hoardings
37:44 Pikeman
39:51 Siege Engineers
41:27 Halberdier
43:55 Chemistry
43:16 Leather Archer Armor
43:40 Plate Barding Armor
43:46 Ballistics
45:07 Onager
48:10 Fortified Wall
48:37 Ring Archer Armor
48:15 Druzhina
50:10 Crop Rotation
50:09 Elite Boyar
54:57 Detinets
54:38 Siege Onager
58:37 Cavalier
Connection lost

Rejoining the realm…

Still unreachable

The connection could not be restored.

Session expired

The server has moved on; the page needs a fresh start.